 Dungeon Crawl Stone Soup version 0.28.0-53-g5a82cb258f (webtiles) character file.

Game seed: 10403530201304402294

10343 Eitelfritz the Cleaver (level 11, -5/95 HPs)
             Began as a Hill Orc Fighter on July 19, 2022.
             Was an Elder of Zin.
             Killed from afar by a raiju (12 damage)
             ... with a living lightning
             ... on level 2 of the Abyss on July 22, 2022.
             The game lasted 00:23:41 (12250 turns).

Eitelfritz the Cleaver (Hill Orc Fighter)          Turns: 12250, Time: 00:23:41

Health: -5/95      AC: 20    Str: 24    XL:     11   Next: 60%
Magic:  16/16      EV: 12    Int:  8    God:    Zin [****..]
Gold:   501        SH: 13    Dex: 10    Spells: 10/10 levels left

rFire   . . .      SeeInvis .   a - +0 broad axe
rCold   . . .      Faith    .   h - +3 kite shield
rNeg    . . .      Spirit   .   u - +0 chain mail
rPois   +          Reflect  .   r - +2 helmet
rElec   .          Harm     .   J - +2 cloak
rCorr   .          Rampage  .   (no gloves)
Will    .....                   m - +1 pair of boots
Stlth   ..........              (no amulet)
HPRegen 0.00/turn               j - +4 ring of evasion
MPRegen 0.15/turn               M - ring of poison resistance

@: sick
A: no striking features
a: Renounce Religion, Recite, Vitalisation, Imprison, Donate Gold


You were on level 2 of the Abyss.
You worshipped Zin.
Zin was greatly pleased with you.
You visited 2 branches of the dungeon, and saw 12 of its levels.
You visited the Abyss 1 time.

You collected 706 gold pieces.
You spent 150 gold pieces at shops.
You donated 55 gold pieces to Zin.

Inventory:

Hand Weapons
 a - a +0 broad axe (weapon)
 b - a +0 hand crossbow
 t - a +0 morningstar
Missiles
 e - 395 stones
 p - 15 poisoned darts (quivered)
 z - 49 sling bullets
 F - 8 boomerangs
 G - 25 bolts
 N - 3 throwing nets
Armour
 c - a +0 buckler
 h - a +3 kite shield (worn)
 m - a +1 pair of boots (worn)
 q - +0 fire dragon scales
 r - a +2 helmet (worn)
 u - a +0 chain mail (worn)
 J - a +2 cloak (worn)
 L - +0 acid dragon scales
Jewellery
 j - a +4 ring of evasion (left hand)
 y - a +6 ring of intelligence
 M - a ring of poison resistance (right hand)
 O - a ring of fire
Wands
 l - a wand of charming (5)
 K - a wand of mindburst (10)
Scrolls
 k - a scroll of fear
 n - a scroll of teleportation
 o - a scroll of magic mapping
 E - 4 scrolls of blinking
 H - 2 scrolls of enchant armour
Potions
 d - 6 potions of attraction
 f - a potion of invisibility
 g - 3 potions of resistance
 i - 3 potions of flight
 s - 3 potions of heal wounds
 v - 2 potions of cancellation
 w - a potion of mutation
 x - 3 potions of curing
 A - 2 potions of brilliance
 C - a potion of ambrosia {unknown}
 D - a potion of magic {unknown}
 I - a potion of haste {unknown}


   Skills:
 + Level 8.3 Fighting
 + Level 13.6 Axes
 + Level 1.8 Crossbows
 + Level 1.3 Throwing
 + Level 8.1 Armour
 + Level 3.2 Dodging
 + Level 1.4 Stealth
 + Level 9.7 Shields
 * Level 7.4 Invocations


You had 10 spell levels left.
You didn't know any spells.
Your spell library was empty.

Dungeon Overview and Level Annotations

Branches:
Dungeon (11/15)            Temple (1/1) D:6            Lair (0/6) D:11
    Orc (0/2) D:10

Altars:
Ashenzari
Cheibriados
Dithmenos
Elyvilon
Fedhas
Gozag
Hepliaklqana
Kikubaaqudgha
Makhleb
Nemelex Xobeh
Okawaru
Qazlal
Ru
Sif Muna
Trog
Uskayaw
Vehumet
Wu Jian
Xom
Yredelemnul
Zin
The Shining One

Shops:
D:5 ((![

Annotations:
D:11 Sonja


Message History

The thrashing horror tramples you but does no damage. x3
The thrashing horror roars!
You block the thrashing horror's attack. x2
The thrashing horror roars!
You block the thrashing horror's attack.
The thrashing horror tramples you.
You hold your ground!
The thrashing horror tramples you but does no damage. x2
A flying skull comes into view.
Okay, then.
The flying skull hits you but does no damage.
The flying skull hits you but does no damage.
You block the flying skull's attack. The flying skull barely misses you.
The flying skull hits you!
* * * LOW HITPOINT WARNING * * *
You block the flying skull's attack.
You are ready to recite again.
You block the flying skull's attack.
The raiju bursts into living lightning!
The living lightning hits the flying skull.
The flying skull resists.
The living lightning hits you!
* * * LOW HITPOINT WARNING * * *
The raiju blinks!
You slash the raiju!
The raiju is moderately wounded.
You hit the flying skull but do no damage.
The flying skull closely misses you. You block the raiju's attack.
The flying skull closely misses you.
A large abomination comes into view.
The raiju bursts into living lightning!
The living lightning hits you.
* * * LOW HITPOINT WARNING * * *
The raiju blinks!
The flying skull hits you but does no damage.
The raiju barely misses you.
The flying skull hits you but does no damage.
The raiju bursts into living lightning!
The living lightning hits the flying skull.
The flying skull resists.
The living lightning hits you!
You die...

. ... #.#.. ..#
.. #.#.. #..##..
#.... ...... .§
#... ..... ..§
#.. #..# ..#
#.#..##..##..##
##....@.........
#.........X......
.####..##z.#####
##..##h.###
#.........#
#.........#
##..##..###
#..##..# # #
.......#


You could see a large abomination, a raiju and a flying skull.

Vanquished Creatures
  Harold (D:10)
  A two-headed ogre (D:8)
  3 death yaks (D:11)
  Pikel (D:7)
  2 hornets
  Prince Ribbit (D:7)
  4 wyverns
  12 yaks
  2 wraiths
  A steam dragon (D:9)
  Menkaure (D:4)
  A warg (D:10)
  2 water moccasins
  An acid dragon (D:10)
  Duvessa (D:5)
  6 sky beasts
  2 ice beasts
  A necrophage (D:6)
  2 ogres (D:5)
  A black bear (D:6)
  4 orc warriors (D:10)
  A centaur (D:9)
  3 lemures (D:7)
  A phantom (D:5)
  A gnoll sergeant (D:8)
  A scorpion (D:5)
  5 killer bees (D:9)
  Dowan (D:5)
  5 howler monkeys
  2 centaur skeletons
  2 jellies
  4 orc priests
  A gnoll shaman (D:10)
  5 hounds
  Terence (D:2)
  2 iguanas
  Natasha (thrice) (D:4)
  A killer bee zombie (D:9)
  A hound zombie (D:5)
  A howler monkey zombie (D:8)
  Robin (D:2)
  13 gnolls
  8 adders
  A white imp (D:6)
  2 adder zombies (D:5)
  A worm (D:3)
  2 dart slugs
  20 orcs
  10 ball pythons
  4 bats
  8 endoplasms
  A giant cockroach (D:2)
  18 goblins
  10 hobgoblins
  4 quokkas
  4 frilled lizards
  8 kobolds
  2 rats (D:1)
208 creatures vanquished.

Notes
Turn   | Place    | Note
-------+----------+-------------------------------------------
     0 | D:1      | Eitelfritz the Hill Orc Fighter began the quest for the
                  | Orb.
     0 | D:1      | Reached XP level 1. HP: 19/19 MP: 1/1
    30 | D:1      | Reached XP level 2. HP: 14/27 MP: 2/2
   256 | D:1      | Reached skill level 3 in Axes
   857 | D:1      | Reached XP level 3. HP: 32/33 MP: 3/3
  1100 | D:1      | Found a faded altar of an unknown god.
  1326 | D:2      | Reached XP level 4. HP: 37/38 MP: 4/4
  1379 | D:2      | Noticed Terence
  1393 | D:2      | Killed Terence
  1394 | D:2      | Reached skill level 4 in Axes
  1780 | D:2      | Noticed Robin
  2063 | D:2      | Killed Robin
  2253 | D:2      | Reached XP level 5. HP: 46/46 MP: 5/5
  2883 | D:4      | Noticed Natasha
  2886 | D:4      | Killed Natasha
  2887 | D:4      | Reached skill level 5 in Axes
  2967 | D:4      | Noticed Natasha
  2979 | D:4      | Killed Natasha
  2980 | D:4      | Reached XP level 6. HP: 48/53 MP: 6/6
  3059 | D:4      | Noticed a sky beast
  3072 | D:4      | Killed a sky beast
  3077 | D:4      | Reached skill level 6 in Axes
  3077 | D:4      | Reached skill level 1 in Dodging
  3107 | D:4      | Noticed Natasha
  3115 | D:4      | Killed Natasha
  3319 | D:4      | Reached skill level 5 in Shields
  3319 | D:4      | Reached XP level 7. HP: 57/60 MP: 7/7
  3618 | D:4      | Found a snail-covered altar of Cheibriados.
  3732 | D:4      | Noticed Menkaure
  3736 | D:4      | Killed Menkaure
  3910 | D:4      | Reached skill level 7 in Axes
  4080 | D:5      | Entered Level 5 of the Dungeon
  4292 | D:5      | Reached skill level 5 in Fighting
  4330 | D:5      | Reached XP level 8. HP: 68/68 MP: 8/8
  4381 | D:5      | Reached skill level 8 in Axes
  4495 | D:5      | Found Zeteoven's Distillery.
  4499 | D:5      | Found Gecloig's Weapon Emporium.
  4499 | D:5      | Found Ysukecwu's Antique Armour Emporium.
  4499 | D:5      | Found Ynenlauru's Weapon Emporium.
  4504 | D:5      | Bought a potion of heal wounds for 50 gold pieces
  4504 | D:5      | Bought a potion of degeneration for 10 gold pieces
  4504 | D:5      | Bought a potion of brilliance for 40 gold pieces
  4504 | D:5      | Bought a potion of berserk rage for 50 gold pieces
  4722 | D:5      | Reached skill level 5 in Armour
  4991 | D:5      | Noticed Dowan
  4993 | D:5      | Noticed Duvessa
  4998 | D:5      | Reached skill level 9 in Axes
  5010 | D:5      | Killed Duvessa
  5016 | D:5      | Killed Dowan
  5641 | D:5      | Reached XP level 9. HP: 74/74 MP: 9/9
  5796 | D:5      | Reached skill level 10 in Axes
  6265 | D:6      | Found a staircase to the Ecumenical Temple.
  6778 | Temple   | Entered the Ecumenical Temple
  7028 | Temple   | Became a worshipper of Zin the Law-Giver
  7028 | Temple   | Reached * piety under Zin
  7224 | D:7      | Reached skill level 1 in Invocations
  7837 | D:7      | Noticed Prince Ribbit
  7850 | D:7      | Killed Prince Ribbit
  8054 | D:7      | Noticed Pikel
  8071 | D:7      | Killed Pikel
  8072 | D:7      | Reached skill level 11 in Axes
  8072 | D:7      | Reached skill level 1 in Throwing
  8355 | D:8      | Reached skill level 1 in Crossbows
  8367 | D:8      | Reached XP level 10. HP: 53/84 MP: 12/12
  8590 | D:8      | Reached ** piety under Zin
  8602 | D:8      | Noticed a two-headed ogre
  8612 | D:8      | Killed a two-headed ogre
  9620 | D:9      | Reached *** piety under Zin
  9978 | D:9      | Reached skill level 12 in Axes
  9998 | D:9      | Reached skill level 5 in Invocations
 10386 | D:10     | Entered Level 10 of the Dungeon
 10670 | D:10     | Found a staircase to the Orcish Mines.
 10691 | D:10     | Identified the -1 kite shield of Narcissism {Regen+ Str+4
                  | Stlth+}
 10719 | D:10     | Reached **** piety under Zin
 10899 | D:10     | Noticed Harold
 10910 | D:10     | Killed Harold
 10911 | D:10     | Reached XP level 11. HP: 21/94 MP: 15/15
 10938 | D:10     | Paralysed by a hornet for 2 turns
 11682 | D:11     | Noticed a death yak
 11683 | D:11     | Found a staircase to the Lair.
 11684 | D:11     | Noticed a death yak
 11697 | D:11     | Killed a death yak
 11698 | D:11     | Reached skill level 13 in Axes
 11698 | D:11     | Reached skill level 1 in Stealth
 11703 | D:11     | Killed a death yak
 11706 | D:11     | Noticed a death yak
 11726 | D:11     | Killed a death yak
 12159 | D:11     | Noticed Sonja
 12169 | D:11     | Cast into level 2 of the Abyss (Sonja)
 12193 | Abyss:2  | Noticed a thrashing horror
 12194 | Abyss:2  | Noticed a thrashing horror
 12205 | Abyss:2  | Noticed a starcursed mass
 12250 | Abyss:2  | Killed from afar by a raiju

Illustrated notes

Levels and vault maps discovered:
D:1:      giann_horns, layout_basic, shapermc_ecumenical_altar_mp_vishouse
D:2:      layout_rooms, uniq_terence, uniq_robin
D:3:      layout_rooms, corexii_item_surrounded_by_moat,
          minmay_shallow_snake_nest
D:4:      layout_loops_ring, kennysheep_slug_shrine, uniq_menkaure, uniq_natasha
D:5:      minmay_spotlight, layout_gridville, minmay_shop_grid_forest,
          uniq_duvessa
D:6:      layout_loops_cross, minmay_temple_entry_grid,
          amcnicky_mini_rare_corridor_liquid
D:7:      layout_gridville, minmay_misc_feat_plants, lightli_orcish_oven,
          uniq_prince_ribbit1, uniq_pikel
D:8:      layout_loops_cross
D:9:      layout_loops_ring, grunt_ministairs_10
D:10:     layout_irregular_city, david_orc_1_choice, uniq_harold
D:11:     layout_basic, dpeg_lair_monsters, nzn_wu_jian_council_hall,
          uniq_erica, uniq_sonja, uniq_psyche, uniq_josephine
Temple:   regret_index_temple_sigil_plot
Abyss:2:  base: D:1, evilmike_abyss_exit_vortex, evilmike_abyss_exit_vortex,
          base: D:1, evilmike_abyss_exit_8

Skill      XL: |  1  2  3  4  5  6  7  8  9 10 11 |
---------------+----------------------------------+-----
Axes           | 3 4 5 6 7 9 11 12 13 | 13.6
Fighting       | 4 5 6 7 8 |  8.3
Armour         | 4 5 6 7 8 |  8.1
Shields        | 4 5 7 8 9 |  9.7
Dodging        | 1 2 3 |  3.2
Invocations    | 3 6 7 |  7.4
Throwing       | 1 |  1.3
Crossbows      | 1 |  1.8
Stealth        | 1 |  1.4

Action                   |  1- 3 |  4- 6 |  7- 9 | 10-12 || total
-------------------------+-------+-------+-------+-------++-------
Melee: War axe           |    80 |       |       |       ||    80
       Broad axe         |       |   163 |   297 |   267 ||   727
 Fire: Hand crossbow     |       |       |     5 |     1 ||     6
Throw: Stone             |       |     2 |     3 |       ||     5
       Dart              |       |       |     9 |     3 ||    12
Invok: Recite            |       |       |     1 |     5 ||     6
  Use: Potion            |       |     1 |     1 |     4 ||     6
       Scroll            |       |     8 |     9 |     3 ||    20
 Stab: Invisible         |       |       |       |     1 ||     1
       Paralysed         |       |       |       |     1 ||     1
Armor: Scale mail        |    41 |    88 |    62 |       ||   191
       Chain mail        |       |       |    44 |    96 ||   140
Dodge: Dodged            |    34 |    62 |   110 |   120 ||   326
Block: Buckler           |     8 |       |       |       ||     8
       Kite shield       |    25 |   134 |   182 |   209 ||   550
